[Event "*** Titled Tuesday 3|2 Blitz (Late)"]
[Site "Chess.com"]
[Date "2016.11.01"]
[Round "5"]
[White "BellJackson95"]
[Black "Alliswell998"]
[Result "0-1"]
[WhiteElo "2237"]
[BlackElo "2162"]
[TimeControl "180+2"]
[EndTime "18:07:45 PDT"]
[Termination "Alliswell998 won by checkmate"]

1. e4 c5 2. Nf3 d6 3. d4 cxd4 4. Nxd4 Nf6 5. Nc3 a6 6. f3 e5 7. Nb3 Be7 8. Be3 Be6 9. Qd2 O-O 10. O-O-O a5 11. Na4 Na6 12. Nb6 a4 13. Nxa4 Nc7 14. Nb6 Rxa2 15. Kb1 Ra7 16. Nd5 Ra8 17. Nb6 d5 18.
Nxa8 Qxa8 19. exd5 Ncxd5 20. Bc5 Bxc5 21. Nxc5 Rd8 22.
Bd3 b6 23. Nxe6 fxe6 24. Rhe1 Qa7 25. c4 Ra8 26. cxd5 Qa2+ 27. Kc1 Rc8+ 28. Qc3 Rxc3+ 29. bxc3 Nxd5 30. Bb1 Qa3+ 31. Kd2 Qxc3+ 32. Ke2 Nf4+ 33. Kf1 Qb2 34. Re4 Qxg2+ 35. Ke1 Qg1+ 36. Kd2 Qxh2+ 37.
Kc3 Nd5+ 38. Kb3 Qf2 39. Rd3 Qf1 40. Bc2 Qa1 41. Ra4 Qe1 42. Kb2 b5 43. Ra7 b4 44.
Kb3 Qc1 45. Ra2 Nc3 46. Rd8+ Kf7 47. Ra7+ Kf6 48. Rf8+ Kg5 49. Rxg7+ Kh4 50. Rh8 h6 51. Rg6 Qa3+ 52. Kc4 Qa6+ 53. Kxb4 Nd5+ 54. Kc5 Qa5+ 55.
Kd6 Qb4+ 56. Kxe5 Qf4+ 57. Kxe6 Nc7+ 58. Kd7 h5 59. Rhh6 Qc4 60. Be4 Qd4+ 61. Rd6 Qg7+ 62. Kc6 Ne8 63. Rdg6 Qc7+ 64. Kd5 Qb7+ 65. Ke6 Nc7+ 66. Kf6 Qb6+ 67. Ke5 Qc5+ 68. Kf4 Qc1+ 69. Kf5 Qc5+ 70. Kf6 Ne8+ 71. Kf7 Nc7 72. Rc6 Qe5 73.
Rhd6 Qe8+ 74. Kg7 Qe7+ 75. Kg6 Qe8+ 76. Kf5 Qf8+ 77. Ke5 Qg7+ 78. Kf5 Qg5# 0-1

[Event "*** Titled Tuesday 3|2 Blitz (Late)"]
[Site "Chess.com"]
[Date "2016.11.01"]
[Round "5"]
[White "nihalsarin"]
[Black "brightthunder"]
[Result "1/2-1/2"]
[WhiteElo "2500"]
[BlackElo "2545"]
[TimeControl "180+2"]
[EndTime "18:07:47 PDT"]
[Termination "Game drawn by agreement"]

1. d4 Nf6 2. c4 e6 3. Nf3 b6 4. g3 Bb7 5. Bg2 Be7 6. O-O O-O 7.
Re1 Na6 8. Nc3 Ne4 9. Bd2 f5 10. d5 Nac5 11. Rc1 Bf6 12. b4 Nxc3 13. Bxc3 Ne4 14. Bxf6 Qxf6 15. Nd4 a5 16. a3 axb4 17. axb4 Ra2 18. Nb5 c6 19. dxc6 Bxc6 20. Nd6 Rd2 21. Nxe4 fxe4 22. Qb3 Qxf2+ 23. Kh1 Rxe2 24. Rxe2 Qxe2 25.
Qb1 e3 26. Bxc6 Rf2 27. Kg1 Rxh2 28. Rf1 dxc6 29. Qe4 Rh6 30. Rf4 Qh2+ 31. Kf1 Qxg3 32. Ke2 Rh2+ 33. Kd3 Rd2+ 34. Kc3 Qg6 35. Qxg6 hxg6 36.
Re4 Re2 37. Rxe6 c5 38. b5 g5 39. Rxb6 Kh7 40. Rc6 Re1 41. Rxc5 Kh6 42. Re5 g4 43. b6 g3 44. b7 Rb1 45. Rb5 Rxb5 46. cxb5 e2 47. Kd2 g2 48. Kxe2 g1=Q 49. b8=Q Qg2+ 50. Ke3 Qg5+ 51. Kd4 Qd2+ 52. Kc5 Qc2+ 53. Kb6 g5 54. Qh8+ Kg6 55. Qg8+ Kh5 56. Qe8+ Kg4 57.
Qd7+ Kh4 58. Ka7 Qa4+ 59. Kb8 g4 60. Qe7+ Kh3 61. b6 g3 62. Qh7+ Kg2 63. b7 Qe8+ 64.
Ka7 Qa4+ 65. Kb6 Qb4+ 66. Kc6 Qc4+ 67. Kd6 Qf4+ 68. Kc6 Qc4+ 69. Kd6 Qf4+ 70. Ke6 Qe3+ 71. Kf6 Qd4+ 72. Kg5 Qe3+ 73. Kh5 Qc5+ 74. Kh6 Qb6+ 75. Kg5 Qc5+ 76. Kg6 Qb6+ 77. Kg5 Qc5+ 78. Kg6 1/2-1/2

[Event "*** Titled Tuesday 3|2 Blitz (Late)"]
[Site "Chess.com"]
[Date "2016.11.01"]
[Round "5"]
[White "popov_m"]
[Black "jcgs1030"]
[Result "1/2-1/2"]
[WhiteElo "2291"]
[BlackElo "2251"]
[TimeControl "180+2"]
[EndTime "18:07:50 PDT"]
[Termination "Game drawn by agreement"]

1. c4 Nf6 2. g3 g6 3. Bg2 Bg7 4. Nc3 O-O 5. e4 c5 6. Nge2 Nc6 7. O-O d6 8. d3 Bg4 9. f3 Bd7 10.
Be3 Ne8 11. d4 cxd4 12. Nxd4 Nc7 13. Rc1 Nxd4 14. Bxd4 Bxd4+ 15. Qxd4 Ne6 16. Qe3 Qa5 17. f4 Qc5 18. Qxc5 Nxc5 19. Rfd1 Bc6 20. b4 Na4 21. b5 Nxc3 22. Rxc3 Bd7 23. e5 Bg4 24. Re1 Rab8 25.
exd6 exd6 26. Re7 Rfe8 27. Rce3 Rxe7 28. Rxe7 Be6 29. Rxb7 Rxb7 30. Bxb7 Bxc4 31. a4 Kf8 32. Kf2 Ke7 33. Ke3 Kd7 34. Kd4 Bb3 35. a5 Kc7 36. Bd5 Ba4 37. Bxf7 Bxb5 38. Bg8 h6 39.
Bf7 g5 40. f5 Kd7 41. f6 Be2 42. Bd5 Bh5 43. Kc4 Be2+ 44. Kb4 Bd3 45. Kc3 Bf5 46. Kc4 Bg6 47. g4 Bc2 48. h3 Bd1 49. f7 Ke7 50. Kb5 Be2+ 51. Kc6 Bf1 52. Kb7 Bxh3 53. Kxa7 Bxg4 54. Kb6 Be2 55. Bc6 Kxf7 56. Bb5 Bxb5 57. Kxb5 g4 58. a6 g3 59. a7 g2 60.
a8=Q g1=Q 61. Qd5+ Ke7 62. Qe4+ Kd8 63. Qa8+ Kd7 64.
Qc6+ Ke6 65. Qe4+ Kf6 66. Qf4+ Kg6 67. Qxd6+ Kh5 68. Kc4 Qc1+ 69. Kb3 Qb1+ 70. Kc3 Qa1+ 71. Kc2 Qa4+ 72. Kd2 Qa2+ 73. Ke3 Qb3+ 74. Kf2 Qc2+ 75.
Kg3 Qc3+ 76. Kh2 Qc2+ 77. Kh3 Qf5+ 78. Kh2 Qf2+ 79. Kh3 Qf3+ 80. Kh2 Qe2+ 81. Kh3 Qf1+ 82. Kh2 Kg5 83. Qg3+ Kf6 84. Qd6+ Kg5 1/2-1/2

[Event "*** Titled Tuesday 3|2 Blitz (Late)"]
[Site "Chess.com"]
[Date "2016.11.01"]
[Round "5"]
[White "Aygehovit1992"]
[Black "RobertoJBM"]
[Result "1-0"]
[WhiteElo "2447"]
[BlackElo "2518"]
[TimeControl "180+2"]
[EndTime "18:07:52 PDT"]
[Termination "Aygehovit1992 won on time"]

1. e4 c6 2. d4 d5 3. e5 Bf5 4.
Nf3 e6 5. Be2 Nd7 6. O-O h6 7.
Nbd2 Ne7 8. a4 Bh7 9. a5 Ng6 10. Nb3 Be7 11. c4 dxc4 12. Bxc4 O-O 13. Bd3 Rc8 14. Be3 Qc7 15. Rc1 Rfd8 16. Qc2 Qb8 17. h4 Ngf8 18. Bxh7+ Nxh7 19. Qe4 c5 20. Nxc5 Nxc5 21.
dxc5 Rd5 22. b4 Rcd8 23. b5 Qc7 24. c6 bxc6 25. b6 Qb7 26. bxa7 c5 27. Bxc5 Bxc5 28. Rxc5 Qxa7 29. Rxd5 Rxd5 30. Rb1 Qxa5 31. Kh2 Nf8 32. h5 Qc7 33. g3 Qe7 34. Kg2 Rd8 35. Rb7 Rd7 36. Rb8 Rd8 37. Rb7 Qe8 38. Rb5 Nh7 39. Rb7 Rb8 40. Ra7 Rd8 41. Nh2 Ng5 42. Qb7 Rb8 43. Qc7 Rc8 44. Qb7 Rb8 45. Qd7 Qxd7 46. Rxd7 Kf8 47. Ng4 Ke8 48. Ra7 Ne4 49. Kf3 Nc3 50.
Ne3 Nb5 51. Ra5 Nd4+ 52. Ke4 Nc6 53. Rc5 Rb4+ 54. Kd3 Ne7 55. Nc4 Rb8 56. Rc7 Kf8 57.
Nd6 Ra8 58. Rd7 Rb8 59. f4 Ra8 60. g4 Ra3+ 61. Kc4 Ra4+ 62. Kb5 Ra8 63. f5 Rb8+ 64. Kc5 Ra8 65. f6 gxf6 66. exf6 Nd5 67. Rxf7+ Kg8 68. Rg7+ Kf8 69. Rh7 Ra5+ 70. Kd4 Kg8 71. f7+ Kxh7 72.
f8=Q Ra7 73. Nf7 1-0

[Event "*** Titled Tuesday 3|2 Blitz (Late)"]
[Site "Chess.com"]
[Date "2016.11.01"]
[Round "5"]
[White "Rozum_Ivan"]
[Black "platy3"]
[Result "1/2-1/2"]
[WhiteElo "2601"]
[BlackElo "2684"]
[TimeControl "180+2"]
[EndTime "18:08:27 PDT"]
[Termination "Game drawn by repetition"]

1. d4 Nf6 2. c4 e6 3. Nc3 Bb4 4.
e3 O-O 5. Bd3 d5 6. Nf3 b6 7.
O-O Ba6 8. cxd5 exd5 9. a3 Bxd3 10. Qxd3 Bd6 11. b4 a6 12. e4 dxe4 13. Nxe4 Nxe4 14. Qxe4 Nd7 15. Bg5 Nf6 16. Qh4 h6 17. Bxf6 Qxf6 18.
Qxf6 gxf6 19. Rfe1 Rfe8 20. Kf1 b5 21. Nd2 Rxe1+ 22.
Rxe1 a5 23. Ne4 axb4 24. axb4 Ra4 25. Nxf6+ Kf8 26. Re8+ Kg7 27. Nd5 c6 28. Ne3 Bxb4 29. Rc8 Ra6 30. d5 cxd5 31. Rb8 Ra1+ 32. Ke2 Ra2+ 33. Kf1 Ra1+ 34. Ke2 Ra2+ 35. Kf1 d4 36. Nf5+ Kf6 37. Rxb5 d3 38. g3 d2 39. Ne3 Ra1+ 40.
Kg2 d1=Q 41. Nxd1 Rxd1 42. Rxb4 Kg7 43. Rf4 Rd6 44. Kf3 Rc6 45. Rg4+ Kh7 46. Rd4 Kg7 47.
Ke4 Re6+ 48. Kf3 Rf6+ 49. Ke3 Re6+ 50. Re4 Rd6 51. h4 Rc6 52. h5 Rc5 53. g4 Rc3+ 54.
Kf4 Rc5 55. f3 Rc6 56. Re5 Rc4+ 57. Kg3 Rc6 58. Rf5 Rb6 59. Rd5 Ra6 60. Kf4 Ra4+ 61. Ke5 Ra6 62. Ke4 Ra4+ 63. Rd4 Ra3 64. f4 Ra5 65. Rd5 Ra4+ 66. Kf5 Ra6 67. g5 Rb6 68. Re5 Ra6 69. Kg4 Rb6 70. Re7 hxg5 71. fxg5 Rb4+ 72. Kf5 Rb5+ 73. Re5 Rb1 74. h6+ Kh7 75. Kf6 Kg8 76. Re8+ Kh7 77. Kxf7 Rb5 78. g6+ Kxh6 79. Rh8+ Kg5 80. g7 Rb7+ 81. Kf8 Rb8+ 82. Ke7 Rb7+ 83.
Kf8 Rb8+ 84. Kf7 Rb7+ 85. Kf8 Rb8+ 86. Ke7 Rb7+ 87. Kf8 Rb8+ 1/2-1/2

[Event "*** Titled Tuesday 3|2 Blitz (Late)"]
[Site "Chess.com"]
[Date "2016.11.01"]
[Round "5"]
[White "tigra"]
[Black "Yaacovn"]
[Result "0-1"]
[WhiteElo "2442"]
[BlackElo "2565"]
[TimeControl "180+2"]
[EndTime "18:08:58 PDT"]
[Termination "Yaacovn won by resignation"]

1. e4 c6 2. d4 d5 3. Nc3 dxe4 4. Nxe4 Nf6 5. Nxf6+ gxf6 6. a4 Bf5 7. Ra3 Nd7 8.
Re3 e6 9. Bd3 Bg6 10. f4 Bd6 11. f5 Bxf5 12. Bxf5 Qa5+ 13. c3 Qxf5 14. Nf3 O-O-O 15.
O-O Rhg8 16. Ne5 fxe5 17. Rxf5 exf5 18. Qh5 f4 19. Re2 f6 20. Bd2 Rg5 21. Qxh7 Rdg8 22. Qh3 Kc7 23. Kf1 R8g7 24. a5 a6 25. Be1 Nf8 26.
Bf2 Rh7 27. Qf3 Rxh2 28. g3 fxg3 29. Bxg3 Rh3 30. Rg2 Rhxg3 31. Rxg3 e4 32. Rxg5 exf3 33.
Rg7+ Kc8 34. Kf2 Ne6 35. Rg8+ Kd7 36. Kxf3 f5 37. Rh8 Ng5+ 38. Ke2 f4 39. Rg8 Be7 40. Rb8 Kc7 41. Re8 Bf6 42. Rf8 Bd8 43. Rxf4 Ne6 44.
Rf5 Kd6 45. Kd3 Kd7 46. Kc4 Be7 47. Rh5 Nf4 48. Rh7 Nd5 49. Kd3 Nf4+ 50. Kc2 Ne6 51. b4 Ng5 52. Rg7 Ne4 53. Rh7 Nf6 54. Rh3 Nd5 55.
Kb3 Kc7 56. c4 Nf6 57. Rg3 Kd7 58. Rg7 Ne4 59. c5 Nf6 60. Kc4 Nd5 61. Rh7 Ne3+ 62. Kd3 Ng4 63. Rh5 Nf6 64. Rh8 Nd5 65. Kc4 Kc7 66. Re8 Bg5 67. Rf8 Bd2 68. Rf7+ Kb8 69. Rf8+ Ka7 70. Rf2 Bxb4 71. Ra2 Be1 72. Ra1 Bc3 73.
Ra3 Bd2 74. Ra2 Bg5 75. Kb3 Bd8 76. Ra1 Bc7 77. Kc4 Ne3+ 78. Kd3 Ng4 79. Kc4 Ne3+ 80.
Kd3 Nd5 81. Kc4 Bb8 82. Kd3 Nc7 83. Kc4 Ka8 84. Ra2 Nb5 85. Ra1 Bc7 86. Ra2 Bd8 87.
Ra4 Bf6 88. Kd3 Kb8 89. Rb4 Kc7 90. Ke4 Kd7 91. d5 Bd8 92. Rb3 Bxa5 93. d6 b6 94. cxb6 Bxb6 95. Rb2 Bc5 96. Kd3 Kxd6 97. Ra2 Ba3 98.
Kc4 a5 99. Kb3 Bb4 100. Rh2 Kc5 101. Rh8 Kb6 102. Rb8+ Kc7 103. Ra8 Kb7 104. Re8 Nc7 105. Rg8 Kb6 106. Rb8+ Ka7 107. Rc8 Kb7 108. Rg8 Na6 109. Rg7+ Kb6 110. Rg8 Kb5 111. Rg5+ Nc5+ 112. Kb2 a4 113. Ka2 Bc3 114. Rg3 Bd4 115. Rg4 Nb3 116. Ka3 c5 117. Rg8 c4 118. Rb8+ Bb6 119. Kb2 Nc5 120. Ka3 c3 121. Ka2 Nd3 122. Rc8 Bc5 123. Rb8+ Kc4 124. Ra8 a3 125. Kb1 Kb3 126. Ka1 Nb4 127. Ra5 Bd4 0-1

[Event "*** Titled Tuesday 3|2 Blitz (Late)"]
[Site "Chess.com"]
[Date "2016.11.01"]
[Round "5"]
[White "Alexander_Moskalenko"]
[Black "hardingstoptry"]
[Result "1-0"]
[WhiteElo "2666"]
[BlackElo "2585"]
[TimeControl "180+2"]
[EndTime "18:11:00 PDT"]
[Termination "Alexander_Moskalenko won by resignation"]

1. d4 d5 2. Bf4 c6 3. Nf3 Nf6 4.
e3 e6 5. Nbd2 Nh5 6. Be5 Nd7 7.
Bd3 c5 8. c3 Qb6 9. Rb1 Be7 10.
h3 O-O 11. Bh2 Nhf6 12. O-O c4 13. Bc2 Bd6 14. Bxd6 Qxd6 15. Re1 b5 16. e4 dxe4 17. Nxe4 Nxe4 18. Bxe4 Rb8 19. a3 Bb7 20. Ne5 Bxe4 21.
Rxe4 Nxe5 22. Rxe5 Rfd8 23. Qf3 Qe7 24. Rbe1 Qf8 25.
h4 a6 26. h5 g6 27. g3 Qe7 28.
d5 Rb6 29. hxg6 hxg6 30. Kg2 a5 31. dxe6 fxe6 32. Qg4 Qf7 33. R1e4 Kg7 34. Rf4 Qb7+ 35. Rfe4 Qf7 36. Rxe6 Rxe6 37. Rxe6 Rd2 38. Re2 Rd3 39. Qe4 a4 40. Qe5+ Qf6 41. Qc7+ Kh6 42. Qb7 Qf5 43.
Re7 Qd5+ 44. Qxd5 Rxd5 45. Rb7 Kg5 46. Kh3 Kf5 47. f3 Kg5 48. Rb8 Kf5 49. Rb7 Kg5 50.
Rb6 Kf5 51. g4+ Kf4 52. Rxg6 Kxf3 53. Rf6+ Ke4 54. Rf2 Rd3+ 55. Kh4 Ke3 56. Rf5 b4 57. cxb4 Rd2 58. Rc5 Kd4 59. g5 Rxb2 60. g6 Rg2 61. Kh5 c3 62. Kh6 Rh2+ 63. Kg7 c2 64. Rc6 Re2 65. b5 Kd3 66. b6 Re6 67. Rxe6 c1=Q 68. Kf7 Qf4+ 69. Rf6 Qb8 70. g7 Qb7+ 71. Kg6 Qe4+ 72. Kf7 Qd5+ 73. Kf8 Qd8+ 74. Kf7 Qd5+ 75. Kg6 Qe4+ 76. Rf5 Qe6+ 77. Rf6 Qe4+ 78. Kh6 Qh4+ 79. Kg6 Qe4+ 80. Rf5 Qe6+ 81. Kg5 Qxb6 82. Rf8 Qb5+ 83. Kg6 Qc6+ 84. Rf6 Qe4+ 85. Kf7 Qd5+ 86. Re6 Qf3+ 87. Ke7 Qg4 88. Rd6+ Kc4 89. Kf7 Qf4+ 90. Rf6 Qc7+ 91. Kg6 Qb8 92. Kh7 Qc7 93. Rh6 Kd5 94.
Kh8 Qc3 95. Kh7 Qd3+ 96. Rg6 Qh3+ 97. Rh6 Qd3+ 98. Kh8 Qd4 99. Ra6 Qh4+ 100. Kg8 Ke5 101. Ra5+ Kd6 102. Rf5 Ke7 103. Rf7+ Ke6 104. Rf8 Qc4 105. Kh7 Qh4+ 106. Kg6 Qg4+ 107. Kh6 Qh4+ 108. Kg6 Qg4+ 109. Kh7 Qh5+ 110. Kg8 Qg6 111. Ra8 Kd5 112. Rf8 Qe6+ 113. Kh7 Qf5+ 114.
Rxf5+ 1-0

[Event "*** Titled Tuesday 3|2 Blitz (Late)"]
[Site "Chess.com"]
[Date "2016.11.01"]
[Round "6"]
[White "Zaven_ChessMood"]
[Black "howitzer14"]
[Result "1/2-1/2"]
[WhiteElo "2814"]
[BlackElo "2781"]
[TimeControl "180+2"]
[EndTime "18:13:56 PDT"]
[Termination "Game drawn by agreement"]

1. e4 e5 2. Nf3 Nc6 3. Bc4 Nf6 4. d3 h6 5. O-O d6 6. c3 g6 7. d4 Qe7 8. Nbd2 Bg7 9. Re1 O-O 10. h3 Bd7 11. Bd3 Rae8 12. Nf1 Nh5 13. Be3 a6 14. Qd2 Kh7 15. Rad1 Qf6 16. N1h2 Nf4 17. Bxf4 Qxf4 18.
Qxf4 exf4 19. Nf1 1/2-1/2

[Event "*** Titled Tuesday 3|2 Blitz (Late)"]
[Site "Chess.com"]
[Date "2016.11.01"]
[Round "6"]
[White "Alliswell998"]
[Black "enfanterrible"]
[Result "0-1"]
[WhiteElo "2153"]
[BlackElo "2206"]
[TimeControl "180+2"]
[EndTime "18:14:15 PDT"]
[Termination "enfanterrible won by resignation"]

1. e4 d5 2. exd5 Qxd5 3. Nc3 Qa5 4. d4 Nf6 5. Bc4 c6 6. Bf4 Bf5 7. Nf3 e6 8. Qe2 Bb4 9. O-O Bxc3 10. bxc3 Nbd7 11.
Rab1 b5 12. Bb3 O-O 13. Bd6 Rfe8 14. Bb4 Qb6 15. c4 a5 16. Bd6 a4 17. cxb5 axb3 18. Rxb3 cxb5 19. Rxb5 Qxd6 20. c4 Be4 21. Ng5 Bg6 22.
Qe3 h6 23. h4 hxg5 24. hxg5 Nh5 25. Qh3 Qxd4 26. g3 Ne5 27. Kg2 Be4+ 0-1

[Event "*** Titled Tuesday 3|2 Blitz (Late)"]
[Site "Chess.com"]
[Date "2016.11.01"]
[Round "6"]
[White "Yaacovn"]
[Black "Rumpel-VK"]
[Result "1-0"]
[WhiteElo "2571"]
[BlackElo "2469"]
[TimeControl "180+2"]
[EndTime "18:14:40 PDT"]
[Termination "Yaacovn won by resignation"]

1. d4 d6 2. Nf3 Nf6 3. e3 Nbd7 4. Bc4 e6 5. O-O Be7 6. Nc3 O-O 7. e4 e5 8. dxe5 Nxe5 9. Nxe5 dxe5 10. Qf3 c6 11.
Qg3 Qc7 12. a4 Nh5 13. Qf3 Nf6 14. h3 Be6 15. Bxe6 fxe6 16. Qe2 Rad8 17. Qc4 Qc8 18. Be3 b6 19. Rfd1 Rxd1+ 20. Rxd1 Ne8 21. Nb5 a6 22.
Na7 Qb7 23. Qxe6+ Kh8 24. Nxc6 Bb4 25. Nxb4 1-0

[Event "*** Titled Tuesday 3|2 Blitz (Late)"]
[Site "Chess.com"]
[Date "2016.11.01"]
[Round "6"]
[White "Jahonas"]
[Black "Gau_truc_lon"]
[Result "0-1"]
[WhiteElo "2147"]
[BlackElo "2216"]
[TimeControl "180+2"]
[EndTime "18:15:22 PDT"]
[Termination "Gau_truc_lon won by resignation"]

1. e4 d5 2. exd5 Qxd5 3. Qf3 Nf6 4. Qxd5 Nxd5 5. Nc3 Nb4 6. Kd1 Bf5 7. d3 Nd7 8.
a3 Nc6 9. Be3 O-O-O 10. Nge2 Bg6 11. h4 Nde5 12. h5 Bf5 13. Ng3 Bg4+ 14. Be2 Bxe2+ 15. Kxe2 e6 16. f4 Ng4 17. Nge4 Nxe3 18. Kxe3 Nd4 19. Rac1 h6 20. g4 Be7 21. Rh2 f5 22. Nf2 Bc5 23. Na4 Nxc2+ 24. Kd2 Bxf2 25. Rxc2 Bg3 26. Rg2 Bxf4+ 27.
Ke2 Be5 28. Nc5 Bd4 29. Kf3 fxg4+ 30. Rxg4 Bxc5 31. Rxc5 Rxd3+ 32. Ke4 Rd7 0-1

[Event "*** Titled Tuesday 3|2 Blitz (Late)"]
[Site "Chess.com"]
[Date "2016.11.01"]
[Round "6"]
[White "pastouche06"]
[Black "tigra"]
[Result "0-1"]
[WhiteElo "2290"]
[BlackElo "2450"]
[TimeControl "180+2"]
[EndTime "18:15:32 PDT"]
[Termination "tigra won by resignation"]

1. d4 e6 2. c4 Nf6 3. Nc3 Bb4 4.
Qc2 c5 5. dxc5 Na6 6. a3 Bxc3+ 7. Qxc3 Nxc5 8. f3 a5 9. e4 a4 10. Be3 Qc7 11. O-O-O e5 12. Kb1 O-O 13. Ne2 d6 14. Ng3 Be6 15. Nf5 Rfd8 16. Bg5 Nfxe4 17. fxe4 Nxe4 18. Ne7+ Kf8 0-1

[Event "*** Titled Tuesday 3|2 Blitz (Late)"]
[Site "Chess.com"]
[Date "2016.11.01"]
[Round "6"]
[White "jcibarra"]
[Black "Nyzhnyk_Illia"]
[Result "0-1"]
[WhiteElo "2663"]
[BlackElo "2583"]
[TimeControl "180+2"]
[EndTime "18:16:11 PDT"]
[Termination "Nyzhnyk_Illia won by resignation"]

1. e4 e6 2. d4 d5 3. Nd2 c5 4.
Ngf3 cxd4 5. exd5 Nf6 6. dxe6 Bxe6 7. Nb3 Bxb3 8. axb3 Nc6 9. Bb5 Bb4+ 10. Bd2 Qe7+ 11. Kf1 O-O 12. Bxc6 bxc6 13. Bxb4 Qxb4 14. Qxd4 c5 15.
Qc4 Rfb8 16. g3 Qxc4+ 17. bxc4 Rxb2 18. Ne1 Rb4 19. Kg2 Rxc4 20. Ra6 Kf8 21. Kf3 Nd5 22. Ra5 Nb4 23. Nd3 Rxc2 24. Nxc5 Nc6 25. Nd7+ Ke8 26. Rd5 Rd8 27. Rhd1 Rxd7 0-1

[Event "*** Titled Tuesday 3|2 Blitz (Late)"]
[Site "Chess.com"]
[Date "2016.11.01"]
[Round "6"]
[White "NTBT_DHS"]
[Black "DanielNaroditsky"]
[Result "0-1"]
[WhiteElo "2510"]
[BlackElo "2740"]
[TimeControl "180+2"]
[EndTime "18:16:25 PDT"]
[Termination "DanielNaroditsky won by resignation"]

1. d4 Nf6 2. c4 d6 3. Nf3 Nbd7 4.
Bf4 g6 5. h3 Bg7 6. Nc3 O-O 7.
e3 c5 8. Be2 b6 9. O-O Bb7 10.
d5 a6 11. a4 h6 12. Nd2 Ne8 13. Qc2 Nc7 14. Bg3 f5 15. f4 e5 16. e4 exf4 17.
Bxf4 Ne5 18. exf5 Rxf5 19. Bxe5 Rxe5 20. Qxg6 Qe8 21. Qxd6 Ne6 22. Bg4 Nd4 23. Nf3 Nxf3+ 24. Rxf3 Re1+ 25. Rxe1 Qxe1+ 26. Rf1 Bd4+ 27. Kh1 Qxf1+ 28.
Kh2 Bg1+ 0-1

[Event "*** Titled Tuesday 3|2 Blitz (Late)"]
[Site "Chess.com"]
[Date "2016.11.01"]
[Round "6"]
[White "cheese111"]
[Black "Quiet_Desperation"]
[Result "1-0"]
[WhiteElo "2258"]
[BlackElo "2279"]
[TimeControl "180+2"]
[EndTime "18:16:31 PDT"]
[Termination "cheese111 won by resignation"]

1. e4 Nc6 2. Nf3 d6 3. d4 Nf6 4. Nc3 d5 5. e5 Ne4 6. Bd3 Bf5 7. O-O e6 8. Ne2 Be7 9. c3 O-O 10. Ne1 h6 11. Qc2 Bg5 12. f3 Bxc1 13. Rxc1 Ng5 14.
Bxf5 exf5 15. Qxf5 Ne7 16. Qg4 c6 17. Nd3 f5 18.
exf6 Rxf6 19. Ng3 Qb6 20. Rfe1 Qc7 21. h4 Nf7 22. Nh5 Rg6 23. Rxe7 Qxe7 24. Qxg6 Nd6 25. Re1 Qd7 1-0

[Event "*** Titled Tuesday 3|2 Blitz (Late)"]
[Site "Chess.com"]
[Date "2016.11.01"]
[Round "6"]
[White "ZEN-22"]
[Black "chessking2151"]
[Result "1-0"]
[WhiteElo "2218"]
[BlackElo "2315"]
[TimeControl "180+2"]
[EndTime "18:16:48 PDT"]
[Termination "ZEN-22 won on time"]

1. e3 Nf6 2. Ne2 g6 3. d4 Bg7 4. h4 d6 5. h5 Nxh5 6. Rxh5 gxh5 7.
Nf4 Bg4 8. Be2 Qd7 9. Nxh5 Bxh5 10. Bxh5 e5 11. Qf3 Nc6 12. d5 Nd8 13. Nc3 c6 14. e4 O-O 15. Bg4 Qe7 16. Bf5 Qh4 17. g3 Qf6 18. Qh5 h6 19. g4 Qe7 20. g5 Re8 21.
Ke2 Kh8 22. Be3 b5 23. dxc6 Nxc6 24. Nd5 Qd8 25. c3 b4 26. gxh6 Bf6 27. Qxf7 1-0

[Event "*** Titled Tuesday 3|2 Blitz (Late)"]
[Site "Chess.com"]
[Date "2016.11.01"]
[Round "6"]
[White "michaelk123"]
[Black "g2_g3"]
[Result "1-0"]
[WhiteElo "2152"]
[BlackElo "1843"]
[TimeControl "180+2"]
[EndTime "18:16:55 PDT"]
[Termination "michaelk123 won by resignation"]

1. e4 e5 2. Nf3 Nc6 3. Bb5 f5 4. d3 fxe4 5. dxe4 Nf6 6. Qd3 Bc5 7. O-O d6 8. Qc4 Bd7 9. Bxc6 Bxc6 10. Nxe5 Bxf2+ 11.
Rxf2 dxe5 12. Nc3 Qd4 13. Qe6+ Kd8 14. Bg5 Re8 15. Bxf6+ gxf6 16. Qxf6+ Kc8 17. Rd1 Qc5 18. b4 Qe7 19. b5 Qxf6 20. Rxf6 Bd7 21. Rf7 Bg4 22. Rd3 h5 23. Nd5 Be6 24. Re7 Kd8 25.
Rxe8+ Kxe8 26. Nxc7+ Ke7 27. Nxa8 1-0

[Event "*** Titled Tuesday 3|2 Blitz (Late)"]
[Site "Chess.com"]
[Date "2016.11.01"]
[Round "6"]
[White "superjem123"]
[Black "Zlatan56"]
[Result "0-1"]
[WhiteElo "2469"]
[BlackElo "2645"]
[TimeControl "180+2"]
[EndTime "18:17:10 PDT"]
[Termination "Zlatan56 won by resignation"]

1. c4 g6 2. Nc3 Bg7 3. d4 c5 4.
Nf3 cxd4 5. Nxd4 Nc6 6. Nc2 Bxc3+ 7. bxc3 Nf6 8. Bh6 Qa5 9. Qd3 d6 10. Bg7 Bf5 11. Qe3 Ng4 12. Qd2 Rg8 13. Bd4 Bxc2 14.
f3 Nge5 15. Bxe5 Nxe5 16. Qxc2 Nxc4 17. e4 Rc8 18. Bxc4 Rxc4 19. O-O Qxc3 20. Qe2 Kf8 21. Rab1 b6 22. Rfd1 Kg7 23. Rb3 Qc2 24. Rd2 Qc1+ 25. Rd1 Rgc8 26. e5 Qxd1+ 0-1

[Event "*** Titled Tuesday 3|2 Blitz (Late)"]
[Site "Chess.com"]
[Date "2016.11.01"]
[Round "6"]
[White "calemcc"]
[Black "BellJackson95"]
[Result "1-0"]
[WhiteElo "2217"]
[BlackElo "2228"]
[TimeControl "180+2"]
[EndTime "18:17:27 PDT"]
[Termination "calemcc won by resignation"]

1. d4 Nf6 2. c4 c5 3. Nf3 e6 4. e3 cxd4 5. Nxd4 d5 6. Nc3 e5 7. Nf3 e4 8. Nd4 Nc6 9. cxd5 Nxd5 10.
Nxc6 bxc6 11. Nxe4 Bb4+ 12. Bd2 Qe7 13. Nc3 Nxc3 14.
Bxc3 Bxc3+ 15. bxc3 O-O 16. Bd3 Qe5 17. Qc2 Rd8 18.
Bxh7+ Kh8 19. Be4 Ba6 20. Rc1 Rd6 21. c4 Re8 22. Bf3 Red8 23. O-O Rd2 24. Qa4 Bc8 25. Qxa7 g5 26. Qxf7 g4 27. Bxc6 R2d6 28. Bd5 Rh6 29. Qf4 Qh5 30. Rfd1 Kg7 31. Be4 g3 32. Qxg3+ 1-0

[Event "*** Titled Tuesday 3|2 Blitz (Late)"]
[Site "Chess.com"]
[Date "2016.11.01"]
[Round "6"]
[White "micfel"]
[Black "Peroncio"]
[Result "1-0"]
[WhiteElo "2295"]
[BlackElo "2478"]
[TimeControl "180+2"]
[EndTime "18:17:46 PDT"]
[Termination "micfel won by checkmate"]

1. e4 c5 2. Nf3 d6 3. d4 cxd4 4. Nxd4 Nf6 5. Nc3 a6 6. Be2 e5 7.
Nb3 Be7 8. Be3 O-O 9. O-O Be6 10. h3 Nbd7 11. Qd2 Qc7 12. Rad1 b5 13. a3 Rac8 14.
f4 Nc5 15. Nxc5 dxc5 16. fxe5 Nd7 17. Nd5 Bxd5 18. exd5 Qxe5 19. Bg4 Rcd8 20. d6 Bf6 21. c3 Qe8 22. Bxd7 Qxd7 23. Bxc5 Qc6 24. b4 Rd7 25.
Rxf6 gxf6 26. Qf4 Re8 27. Rd3 Re6 28. Rg3+ Kf8 29. Qh6+ Ke8 30. Rg8# 1-0

[Event "*** Titled Tuesday 3|2 Blitz (Late)"]
[Site "Chess.com"]
[Date "2016.11.01"]
[Round "6"]
[White "platy3"]
[Black "GrigorGrigorov"]
[Result "1-0"]
[WhiteElo "2690"]
[BlackElo "2573"]
[TimeControl "180+2"]
[EndTime "18:17:50 PDT"]
[Termination "platy3 won on time"]

1. e4 g6 2. d4 Bg7 3. Nc3 c6 4.
Be3 d5 5. e5 f6 6. Nf3 Bg4 7.
exf6 Nxf6 8. h3 Bxf3 9. Qxf3 Nbd7 10. O-O-O O-O 11. Qg3 e5 12. Be2 exd4 13. Bxd4 b5 14. h4 b4 15. Na4 Ne4 16. Qe3 Bxd4 17. Rxd4 Nxf2 18. Rf1 Ne4 19. Rfd1 Qa5 20. Rxe4 Nf6 21. Re7 Qxa4 22. Rf1 Ne4 23. Qd4 1-0

[Event "*** Titled Tuesday 3|2 Blitz (Late)"]
[Site "Chess.com"]
[Date "2016.11.01"]
[Round "6"]
[White "Abrito99"]
[Black "Wilsonpalencia"]
[Result "0-1"]
[WhiteElo "2352"]
[BlackElo "2358"]
[TimeControl "180+2"]
[EndTime "18:18:20 PDT"]
[Termination "Wilsonpalencia won by checkmate"]

1. e4 c5 2. d4 cxd4 3. c3 dxc3 4.
Nxc3 e6 5. Nf3 a6 6. Bc4 b5 7.
Bb3 Bb7 8. O-O d6 9. Ng5 Qe7 10.
Re1 Nf6 11. f4 h6 12. Nd5 Nxd5 13. exd5 hxg5 14. dxe6 f5 15. fxg5 Nc6 16. Bf4 Ne5 17. Qc2 g6 18. Rad1 Bg7 19. Bxe5 Bxe5 20. Rxe5 dxe5 21.
Rd7 Qb4 22. Qd1 Bc6 23. a3 Qf4 24. h3 Qe3+ 25. Kh2 Rxh3+ 26. gxh3 Qf2# 0-1

[Event "*** Titled Tuesday 3|2 Blitz (Late)"]
[Site "Chess.com"]
[Date "2016.11.01"]
[Round "6"]
[White "Izoria123"]
[Black "chito89"]
[Result "1-0"]
[WhiteElo "2589"]
[BlackElo "2482"]
[TimeControl "180+2"]
[EndTime "18:18:34 PDT"]
[Termination "Izoria123 won by resignation"]

1. Nf3 Nf6 2. c4 e6 3. g3 d5 4. Bg2 dxc4 5. O-O c6 6. a4 Nbd7 7. Qc2 a5 8. Qxc4 Nb6 9. Qb3 Nbd5 10. Nc3 Be7 11. d4 b6 12. e4 Nb4 13. Bg5 Ba6 14.
Rfc1 Rc8 15. e5 Nfd5 16. Bxe7 Qxe7 17. Ne4 O-O 18. Nfd2 Rc7 19. Nc4 Bxc4 20. Rxc4 f6 21. exf6 gxf6 22. Re1 f5 23. Nd2 c5 24. Nf3 Qf6 25.
h4 Rfc8 26. Ng5 Re8 27. dxc5 h6 28. Rxe6 Rxe6 29. Nxe6 Qxe6 30. Rxb4 Qe1+ 31. Kh2 axb4 32. Qxd5+ Kg7 33. cxb6 Rc2 34. b7 1-0